 Dungeon Crawl Stone Soup version 0.27-a0-385-g3208abaabc (webtiles) character file.

Game seed: 13240475644945150962

860 ReteAZ the Cutter (level 7, 0/56 HPs)
             Began as a Demonspawn Abyssal Knight on Feb 18, 2021.
             Was a Priest of Lugonu.
             Killed from afar by Maggie (10 damage)
             ... with a bolt of fire
             ... on level 6 of the Dungeon.
             The game lasted 00:04:32 (6229 turns).

ReteAZ the Cutter (Demonspawn Abyssal Knight)       Turns: 6229, Time: 00:04:32

Health: 0/56       AC:  9    Str: 12    XL:     7   Next: 71%
Magic:  0/8        EV:  5    Int: 17    God:    Lugonu [***...]
Gold:   171        SH:  0    Dex: 12    Spells: 6/6 levels left

rFire    . . .     SeeInvis .   t - +7 hand axe of the Whale {freeze, +Blink Int+3 Dex-2}
rCold    . . .     Faith    .   (no shield)
rNeg     . . .     Spirit   +   v - +0 chain mail
rPois    .         Reflect  .   (no helmet)
rElec    .         Harm     .   j - +0 cloak
rCorr    .         Rampage  .   (no gloves)
Will     .....                  (no boots)
Stlth    ..........             e - amulet of guardian spirit
HPRegen  0.18/turn              (no ring)
MPRegen  0.11/turn              (no ring)

@: mesmerised
A: claws 2, demonic guardian 1, demonic magic 1
a: Renounce Religion, Evoke Blink, Depart the Abyss, Bend Space, Banish


You were on level 6 of the Dungeon.
You worshipped Lugonu.
Lugonu was most pleased with you.
You visited 1 branch of the dungeon, and saw 6 of its levels.
You visited the Abyss 1 time.

You collected 171 gold pieces.

Inventory:

Hand Weapons
 a - a +1 short sword
 d - a +4 dagger
 t - the +7 hand axe of the Whale (weapon) {freeze, +Blink Int+3 Dex-2}
   (You found it on level 4 of the Dungeon)

   It has been specially enchanted to freeze those struck by it, causing extra
   injury to most foes and up to half again as much damage against particularly
   susceptible opponents.
   It can also slow down cold-blooded creatures.
   It affects your intelligence (+3).
   It affects your dexterity (-2).
   It lets you blink.
Missiles
 l - 8 javelins
 p - 4 poisoned darts (quivered)
Armour
 b - a +0 leather armour
 j - a +0 cloak (worn)
 v - a +0 chain mail (worn)
Jewellery
 e - an amulet of guardian spirit (around neck)
 h - a ring of wizardry {unknown}
 u - a +6 ring of dexterity {unknown}
Wands
 q - a wand of flame (27)
 s - a wand of acid (5)
Scrolls
 c - 3 scrolls of teleportation {unknown}
 g - 7 scrolls of enchant armour {unknown}
 i - 5 scrolls of identify {unknown}
 n - a scroll of magic mapping {unknown}
 o - a scroll of enchant weapon {unknown}
 w - a scroll of noise {unknown}
 x - a scroll of blinking {unknown}
 y - a scroll of immolation {unknown}
Potions
 f - 4 potions of attraction {unknown}
 k - 2 potions of haste {unknown}
 m - a potion of degeneration {unknown}
 r - 3 potions of curing {unknown}
 z - a potion of flight {unknown}


   Skills:
 + Level 5.5 Fighting
 - Level 7.0 Short Blades
 - Level 1.7 Armour
 - Level 0.8 Dodging
 - Level 2.4 Invocations


You had 6 spell levels left.
You didn't know any spells.
Your spell library was empty.

Dungeon Overview and Level Annotations

Branches:
Dungeon (6/15)
 Temple: D:4-7

Altars:
Fedhas
Gozag
Ru
Trog

Annotations:
D:6 Maggie


Innate Abilities, Weirdness & Mutations

You have very sharp fingernails.
A weak demonic guardian rushes to your aid.
Spells you cast may paralyse adjacent enemies.


Message History

The centaur is heavily wounded.
The orc hits you but does no damage.
Maggie gestures wildly while chanting.
Maggie draws you further into her thrall.
The quasit completely misses you.
The quasit claws you but does no damage. x2
The orc priest casts a cantrip, but nothing happens.
Aiming: Corrosive Bolt
Press: ? - help, Shift-Dir - straight line, p - centaur The bolt of acid hits the quasit!
The quasit is splashed with acid.
The quasit seems to be corroded for longer.
You kill the quasit!
Lugonu accepts your kill.
The bolt of acid hits Maggie!
Maggie is splashed with acid.
The acid corrodes Maggie!
Maggie is moderately wounded.
The bolt of acid hits the centaur!
The centaur is splashed with acid!
You kill the centaur!
Lugonu accepts your kill. The orc barely misses you.
Maggie casts a spell at you. The bolt of fire hits you!!
Ouch! That really hurt!
* * * LOW HITPOINT WARNING * * *
A demonic guardian appears!
Your Fighting skill increases to level 5!
Aiming: Corrosive Bolt
Press: ? - help, Shift-Dir - straight line The bolt of acid hits Maggie!
Maggie is splashed with acid.
Maggie seems to be corroded for longer.
Maggie is severely wounded.
Something hits you but does no damage. The orc barely misses you.
You barely miss the orc priest.
The orc priest is severely wounded.
You slash Maggie! You freeze Maggie. You closely miss the orc.
You hit something. You freeze something. Something hits you but does no damage.
The orc hits you but does no damage. Maggie gestures at you while chanting.
The bolt of fire hits you!
You die...

............#
............#.......#.#.
............#...........
.....................#..
........)...............
......5.................
......o@o...............
.......@)...............
............#...........
............#.#.....#)..
.....)......#.......#...
#.####......#.......#...
# #......#.......#...
#...#####......#...
####...######.....#...
#............>#####...


You could see Maggie (mesmerising, corroded), an orc priest, an orc (ally
target) and a friendly iron imp (summoned).

Vanquished Creatures
  2 sky beasts (D:5)
  A centaur (D:6)
  A quasit (D:6)
  A centaur zombie (D:5)
  A bullfrog skeleton (D:4)
  A centaur skeleton (D:5)
  2 hounds
  2 iguanas
  3 orc wizards (D:4)
  3 worker ants
  A hound zombie (D:5)
  7 adders
  A howler monkey skeleton (D:4)
  An ooze (D:1)
  2 adder skeletons
  2 adder zombies
  3 worms
  3 leopard geckos
  14 orcs
  A ball python (D:6)
  6 bats (D:1)
  7 giant cockroaches
  2 goblins
  4 hobgoblins
  4 jackals (D:2)
  3 quokkas
  3 frilled lizards
  7 kobolds
  A quokka zombie (D:6)
  7 rats
96 creatures vanquished.

Vanquished Creatures (collateral kills)
  An orc wizard (D:5)
  An orc (D:5)
2 creatures vanquished.

Vanquished Creatures (others)
  3 plants (D:3)
3 creatures vanquished.

Grand Total: 101 creatures vanquished

Notes
Turn   | Place    | Note
-------+----------+-------------------------------------------
     0 | Abyss:1  | ReteAZ the Demonspawn Abyssal Knight began the quest for
                  | the Orb.
     0 | Abyss:1  | Reached XP level 1. HP: 18/18 MP: 2/2
   106 | Abyss:1  | Noticed a small abomination
   123 | Abyss:1  | Noticed a starcursed mass
   125 | D:1      | Escaped the Abyss
   310 | D:1      | Reached skill level 2 in Short Blades
   560 | D:1      | Reached * piety under Lugonu
   561 | D:1      | Gained mutation: You have sharp fingernails. [demonic
                  | ancestry]
   561 | D:1      | Reached XP level 2. HP: 18/24 MP: 1/3
   893 | D:1      | Reached skill level 3 in Short Blades
  1198 | D:2      | Reached XP level 3. HP: 29/29 MP: 4/4
  1476 | D:2      | Found a bloodstained altar of Trog.
  1479 | D:2      | Found an opulent altar of Gozag.
  2129 | D:3      | Gained mutation: Spells you cast may paralyse adjacent
                  | enemies. [demonic ancestry]
  2129 | D:3      | Reached XP level 4. HP: 13/35 MP: 2/5
  2132 | D:3      | Reached skill level 4 in Short Blades
  2358 | D:3      | Reached ** piety under Lugonu
  2972 | D:3      | Found a blossoming altar of Fedhas.
  3574 | D:3      | Reached skill level 5 in Short Blades
  3574 | D:3      | Gained mutation: You have very sharp fingernails. [demonic
                  | ancestry]
  3574 | D:3      | Reached XP level 5. HP: 13/41 MP: 1/6
  3874 | D:4      | Got a scorched hand axe
  3875 | D:4      | Identified the +7 hand axe of the Whale {freeze, +Blink
                  | Int+3 Dex-2} (You found it on level 4 of the Dungeon)
  4313 | D:4      | Gained mutation: A weak demonic guardian rushes to your
                  | aid. [demonic ancestry]
  4313 | D:4      | Reached XP level 6. HP: 36/47 MP: 3/7
  4444 | D:4      | Reached skill level 6 in Short Blades
  4753 | D:5      | Entered Level 5 of the Dungeon
  4759 | D:5      | Noticed a sky beast
  4776 | D:5      | Killed a sky beast
  5025 | D:5      | Reached skill level 7 in Short Blades
  5025 | D:5      | Reached XP level 7. HP: 17/52 MP: 3/8
  5393 | D:5      | Reached *** piety under Lugonu
  5869 | D:5      | Found a sacrificial altar of Ru.
  6220 | D:6      | Noticed Maggie
  6228 | D:6      | Reached skill level 5 in Fighting
  6229 | D:6      | Killed from afar by Maggie

Illustrated notes

Levels and vault maps discovered:
D:1:      minmay_arrival_arboretum_small, layout_basic
D:2:      layout_basic, grunt_temple_overflow_open
D:3:      layout_loops_corners, kennysheep_big_empty_room, serial_bayou_pond_b,
          fedhas_altar_2
D:4:      layout_basic
D:5:      layout_loops_ring, nicolae_ru_path_of_blood
D:6:      layout_basic, minmay_temple_entry_slanted, serial_shops,
          nicolae_shop_overgrown_old_shop, minmay_manual_mares, uniq_maggie

Skill      XL: |  1  2  3  4  5  6  7 |
---------------+----------------------+-----
Short Blades   | 2 3 5 7 |  7.0
Fighting       | 5 |  5.5
Armour         | |  1.7
Dodging        | |  0.8
Invocations    | |  2.4

Action                   |  1- 3 |  4- 6 |  7- 9 || total
-------------------------+-------+-------+-------++-------
Melee: Dagger            |   113 |    71 |       ||   184
       Short sword       |     4 |       |       ||     4
       Hand axe          |       |    83 |    67 ||   150
Throw: Dart              |       |     2 |       ||     2
Invok: Depart the Abyss  |     1 |       |       ||     1
Evoke: Wand              |       |       |     3 ||     3
 Stab: Sleeping          |       |     1 |       ||     1
Armor: Leather armour    |    21 |    15 |       ||    36
       Chain mail        |       |    51 |    60 ||   111
Dodge: Dodged            |    57 |    53 |    23 ||   133

Table legend: (Time is in decaauts)
 A = Elapsed time spent in this place.
 B = Non-inter-level travel time spent in this place.
 C = Inter-level travel time spent in this place.
 D = Time resting spent in this place.
 E = Time spent auto-exploring this place.
 F = Levels seen in this place.
 G = Mean time per level.
                   A        B        C        D        E       F      G
               +--------+--------+--------+--------+--------+-----+--------+
         Total |   6244 |   5938 |    306 |    398 |   4846 |   7 |  892.0 |
       Dungeon |   6119 |   5813 |    306 |    398 |   4742 |   6 | 1019.8 |
         Abyss |    125 |    125 |      0 |      0 |    104 |   1 |  125.0 |
               +--------+--------+--------+--------+--------+-----+--------+

Top non-repeatable levels by time:
     D:3: 1729 daAuts
     D:5: 1359 daAuts
     D:2: 1168 daAuts
     D:4: 867 daAuts
     D:1: 849 daAuts
     D:6: 144 daAuts
 Abyss:1: 125 daAuts
